 Dungeon Crawl Stone Soup version 0.17-a0-1368-g6ab37f2 (webtiles) character file.

79 wvc the Ruffian (level 4, -5/38 HPs)
             Began as a Naga Wanderer on June 12, 2015.
             Was an Initiate of Gozag.
             Killed from afar by Terence (7 damage)
             ... with a wand of magic darts
             ... on level 1 of the Dungeon.
             The game lasted 00:04:57 (1993 turns).

wvc the Ruffian (Naga Wanderer)                     Turns: 1993, Time: 00:04:57

Health: -5/38      AC:  4    Str: 18    XL:     4   Next: 38%
Magic:  4/4        EV:  9    Int: 11    God:    Gozag
Gold:   227        SH:  0    Dex:  9    Spells: 0 memorised, 3 levels left

rFire  . . .     SeeInvis +     e - +1 mace
rCold  . . .     Clarity  .     l - +0 leather armour
rNeg   . . .     SustAt   .     (no shield)
rPois  +         Gourm    .     (no helmet)
rElec  .         Spirit   .     (no cloak)
rCorr  .         Warding  .     i - +0 pair of gloves
rMut   .         Stasis   .     (no barding)
MR     .....                    (no amulet)
Stlth  +.........               (no ring)
                                (no ring)

@: very slow, not resistant to hostile enchantments, very unstealthy
A: see invisible, deformed body, poison resistance, slowness 2, slow metabolism
1, spit poison 2, AC +1
a: Spit Poison, Potion Petition, Call Merchant, Bribe Branch, Renounce Religion


You were on level 1 of the Dungeon.
You worshipped Gozag.
Gozag was noncommittal.
You were not hungry.

You visited 1 branch of the dungeon, and saw 2 of its levels.

You collected 227 gold pieces.

Inventory:

Hand weapons
 e - a +1 mace (weapon)
Missiles
 m - 4 exploding tomahawks (quivered)
 o - 3 curare-tipped needles
Armour
 i - a +0 pair of gloves (worn)
 l - a +0 leather armour (worn)
Scrolls
 b - a scroll of fear
 h - a scroll of fog {unknown}
 p - a scroll of enchant weapon
 r - a scroll of remove curse {unknown}
 s - a scroll of teleportation {unknown}
Potions
 a - a potion of heal wounds
 d - a potion of lignification
 g - a potion of ambrosia {unknown}
 j - a potion of brilliance {unknown}
 n - 2 potions of might {unknown}
 q - a potion of curing {unknown}
Comestibles
 f - a bread ration


   Skills:
 - Level 1.5 Fighting
 * Level 2.2 Maces & Flails
   Level 1.0 Bows
 - Level 1.0 Throwing
 - Level 2.0 Armour
 + Level 1.7 Dodging
 - Level 4.0 Unarmed Combat
   Level 1.0 Evocations


You had 3 spell levels left.
You didn't know any spells.

Dungeon Overview and Level Annotations

Branches:
Dungeon (2/15)

Altars:
Gozag

Annotations:
D:1 Terence


Innate Abilities, Weirdness & Mutations

You cannot wear boots.
Your serpentine skin is tough (AC +1).
You have supernaturally acute eyesight.
Armour fits poorly on your strangely shaped body.
Your system is resistant to poisons.
You cover ground very slowly.
You have a slow metabolism.
You can spit poison.


Message History

Robin is almost dead.
You kill Robin!
Terence appears out of thin air!
Terence the Incautious comes into view.
He is wielding a short sword.
The goblin hits you but does no damage. The goblin hits you.
Terence hits you but does no damage.
A goblin comes into view. It is wielding a club.
The goblin hits you. x2
You climb upwards.
There is a stone staircase leading down, spattered with blood here.
You have got your breath back.
Terence zaps a wand.
The magic dart hits you!
* * * LOW HITPOINT WARNING * * *
It is a wand of magic darts.
Terence zaps a wand.
The magic dart hits you!
* * * LOW HITPOINT WARNING * * *
The goblin hits you.
* * * LOW HITPOINT WARNING * * *
Terence zaps a wand.
The magic dart hits you!
You die...
Your body crumbles into a pile of gold.

# #.#........)..#.###...#.# #
#.#.#...................# #
#.#.#.##.##.#..####...###
##......#.##.#..# ##.##
###...............# #.#
#....#.#..#.##.#.## #.#
#.##.#.#..#.##.#.# #.#
#.##.#.#.....))#.######.#
#.##.#.##.#@##)#........#
######.#..#.#....#.)..########
..รท.......#......@>...#
..######.####(...#g)..#
....................).#
..######.####.######### .##
#.# #.# ## #.####.# #......#


You could see Terence and a goblin (frenzied).

Vanquished Creatures
  Robin (D:2)
  2 adders
  An ooze (D:1)
  A worm (D:2)
  A giant gecko (D:1)
  A ball python (D:2)
  2 giant cockroaches (D:1)
  12 goblins
  2 hobgoblins
  6 kobolds
  A quokka (D:2)
  9 bats
  2 rats
41 creatures vanquished.

Notes
Turn   | Place    | Note
--------------------------------------------------------------
     0 | D:1      | wvc the Naga Wanderer began the quest for the Orb.
     0 | D:1      | wvc set off with: a potion of heal wounds, a scroll of fear, a +0 short sword, a potion of lignification, a +0 robe, a bread ration
     0 | D:1      | Reached XP level 1. HP: 18/18 MP: 1/1
   374 | D:1      | Reached XP level 2. HP: 25/25 MP: 2/2
   845 | D:1      | Reached skill level 1 in Maces & Flails
  1011 | D:1      | Reached XP level 3. HP: 31/31 MP: 3/3
  1026 | D:2      | Found a faded altar to an unknown god.
  1034 | D:2      | Became a worshipper of Gozag Ym Sagoz the Greedy
  1071 | D:2      | Reached skill level 1 in Dodging
  1518 | D:2      | Noticed Robin
  1779 | D:1      | Reached XP level 4. HP: 18/38 MP: 4/4
  1988 | D:2      | Killed Robin
  1989 | D:2      | Noticed Terence
  1993 | D:1      | Killed from afar by Terence

Vault maps used:
D:1:      tarquinn_simple_flora_water_e
D:2:      first_bread, ecumenical_altar_2, minmay_shallow_snake_nest,
          uniq_robin, uniq_iyjb, uniq_terence

Action                   |  1- 3 |  4- 6 || total
-------------------------+-------+-------++-------
Melee: Unarmed           |    81 |       ||    81
       Mace              |    57 |    15 ||    72
 Abil: Spit Poison       |     1 |     1 ||     2
  Use: Scroll            |     1 |       ||     1
  Eat: Beef jerky        |     1 |       ||     1
       Fruit             |       |     1 ||     1
